TOP OF THE 1ST |
Kingston Township Legion batting - Pitching for Phoenix Hotspur : RHP Cory Sanders
|
Pitching: RHP Cory Sanders
|
|
Batting: LHB Forrest McCooke
|
0-0: Bunt for hit - play at first, batter safe!
|
Batting: LHB Gonzalo López
|
0-0: Ball Forrest McCooke is caught stealing 2nd base 1-0: Called Strike 1-1: Fly out, F9 (Flyball, 9LD)
|
Batting: RHB Layton Templeman
|
0-0: Ball 1-0: Called Strike 1-1: Called Strike 1-2: Foul Ball, location: 2F 1-2: Foul Ball, location: 2F 1-2: Ball 2-2: Strikes out swinging
|
Top of the 1st over - 0 run(s), 1 hit(s), 0 error(s), 0 left on base; Kingston Township 0 - Phoenix 0 |
BOTTOM OF THE 1ST |
Phoenix Hotspur batting - Pitching for Kingston Township Legion : RHP Jon Briddon
|
Pitching: RHP Jon Briddon
|
|
Batting: LHB Arthur Ryan
|
0-0: Called Strike 0-1: Ground out 1-3 (Groundball, 13S)
|
Batting: LHB Dave Knight
|
0-0: Swinging Strike 0-1: Ball 1-1: Ball 2-1: Foul Ball, location: 2F 2-2: Foul Ball, location: 2F 2-2: Ball 3-2: Fly out, F7 (Flyball, 78S)
|
Batting: RHB Randy Rehling
|
0-0: Fly out, F8 (Flyball, 8RD)
|
Bottom of the 1st over - 0 run(s), 0 hit(s), 0 error(s), 0 left on base; Kingston Township 0 - Phoenix 0 |
TOP OF THE 2ND |
Kingston Township Legion batting - Pitching for Phoenix Hotspur : RHP Cory Sanders
|
Batting: LHB Clay Rush
|
0-0: Called Strike 0-1: Ball 1-1: Ground out 4-3 (Groundball, 34D)
|
Batting: LHB Martín Núñes
|
0-0: Ball 1-0: Fly out, F5 (Popup, 15)
|
Batting: RHB Akihiko Oike
|
0-0: Called Strike 0-1: Swinging Strike 0-2: Ball 1-2: Fly out, F5 (Popup, 25F)
|
Top of the 2nd over - 0 run(s), 0 hit(s), 0 error(s), 0 left on base; Kingston Township 0 - Phoenix 0 |
BOTTOM OF THE 2ND |
Phoenix Hotspur batting - Pitching for Kingston Township Legion : RHP Jon Briddon
|
Batting: LHB Rubén López
|
0-0: Foul Ball, location: 2F 0-1: Ball 1-1: Foul Ball, location: 2F 1-2: Fly out, F9 (Flyball, 9LM)
|
Batting: RHB Raúl Robles
|
0-0: Swinging Strike 0-1: Ball 1-1: Foul Ball, location: 2F 1-2: Ground out 6-3 (Groundball, 6)
|
Batting: RHB John Moore
|
0-0: Called Strike 0-1: Fly out, F8 (Flyball, 8RM)
|
Bottom of the 2nd over - 0 run(s), 0 hit(s), 0 error(s), 0 left on base; Kingston Township 0 - Phoenix 0 |
TOP OF THE 3RD |
Kingston Township Legion batting - Pitching for Phoenix Hotspur : RHP Cory Sanders
|
Batting: RHB Pedro Mendoza
|
0-0: Ball 1-0: Ground out 2-3 (Groundball, 25)
|
Batting: RHB Noel Wells
|
0-0: SINGLE (Line Drive, 7LS)
|
Batting: RHB Jon Erickson
|
0-0: Called Strike 0-1: SINGLE (Flyball, 4D) Noel Wells to second Runner from 2nd tries for 3rd, SAFE, no throw or cutoff
|
Batting: LHB Forrest McCooke
|
0-0: Called Strike 0-1: Foul Ball, location: 2F 0-2: Foul Ball, location: 2F 0-2: Fly out, F6 (Popup, 6MD)
|
Batting: LHB Gonzalo López
|
0-0: Ball 1-0: Ball 2-0: Ball 3-0: Called Strike 3-1: Base on Balls Jon Erickson to second
|
Batting: RHB Layton Templeman
|
0-0: Ball 1-0: Ball 2-0: Ball 3-0: Called Strike 3-1: Swinging Strike 3-2: Foul Ball, location: 2F 3-2: Ground out 6-3 (Groundball, 6)
|
Top of the 3rd over - 0 run(s), 2 hit(s), 0 error(s), 3 left on base; Kingston Township 0 - Phoenix 0 |
BOTTOM OF THE 3RD |
Phoenix Hotspur batting - Pitching for Kingston Township Legion : RHP Jon Briddon
|
Batting: RHB António Padilla
|
0-0: Foul Ball, location: 2F 0-1: Ball 1-1: Ball 2-1: Swinging Strike 2-2: Foul Ball, location: 2F 2-2: Foul Ball, location: 2F 2-2: Foul Ball, location: 2F 2-2: Ball 3-2: Base on Balls
|
Batting: RHB Raúl González
|
0-0: Called Strike 0-1: Ball 1-1: Called Strike 1-2: Foul Ball, location: 2F 1-2: Ball 2-2: Strikes out swinging
|
Batting: RHB Martín Martínez
|
0-0: Grounds into double play, 6-4-3 (Groundball, 6M)
|
Bottom of the 3rd over - 0 run(s), 0 hit(s), 0 error(s), 0 left on base; Kingston Township 0 - Phoenix 0 |
TOP OF THE 4TH |
Kingston Township Legion batting - Pitching for Phoenix Hotspur : RHP Cory Sanders
|
Batting: LHB Clay Rush
|
0-0: Ball 1-0: Ball 2-0: Ball 3-0: Base on Balls
|
Batting: LHB Martín Núñes
|
0-0: SINGLE (Line Drive, 4MD) Clay Rush to second
|
Batting: RHB Akihiko Oike
|
0-0: Ball 1-0: Swinging Strike 1-1: Grounds into double play, 4-6-3 (Groundball, 4M) Clay Rush to third
|
Batting: RHB Pedro Mendoza
|
0-0: Swinging Strike 0-1: Ground out 5-3 (Groundball, 5)
|
Top of the 4th over - 0 run(s), 1 hit(s), 0 error(s), 1 left on base; Kingston Township 0 - Phoenix 0 |
BOTTOM OF THE 4TH |
Phoenix Hotspur batting - Pitching for Kingston Township Legion : RHP Jon Briddon
|
Batting: LHB Arthur Ryan
|
0-0: Foul Ball, location: 2F 0-1: Foul Ball, location: 2F 0-2: Ball 1-2: Strikes out looking
|
Batting: LHB Dave Knight
|
0-0: Ball 1-0: Foul Ball, location: 2F 1-1: SINGLE (Flyball, 8LS)
|
Batting: RHB Randy Rehling
|
0-0: Ball 1-0: Grounds into double play, 6-4-3 (Groundball, 6)
|
Bottom of the 4th over - 0 run(s), 1 hit(s), 0 error(s), 0 left on base; Kingston Township 0 - Phoenix 0 |
TOP OF THE 5TH |
Kingston Township Legion batting - Pitching for Phoenix Hotspur : RHP Cory Sanders
|
Batting: RHB Noel Wells
|
0-0: Reached on error, E6 (Groundball, 6)
|
Batting: RHB Jon Erickson
|
0-0: Grounds into double play, 1-6-3 (Groundball, 13)
|
Batting: LHB Forrest McCooke
|
0-0: Called Strike 0-1: Ball 1-1: Ball 2-1: Ball 3-1: Foul Ball, location: 2F 3-2: Base on Balls
|
Batting: LHB Gonzalo López
|
0-0: Ball Forrest McCooke steals 2nd base 1-0: Called Strike 1-1: Swinging Strike 1-2: Strikes out swinging
|
Top of the 5th over - 0 run(s), 0 hit(s), 1 error(s), 1 left on base; Kingston Township 0 - Phoenix 0 |
BOTTOM OF THE 5TH |
Phoenix Hotspur batting - Pitching for Kingston Township Legion : RHP Jon Briddon
|
Batting: LHB Rubén López
|
0-0: Ball 1-0: Ball 2-0: DOUBLE (Flyball, 9LD)
|
Batting: RHB Raúl Robles
|
0-0: Intentional Walk
|
Batting: RHB John Moore
|
0-0: Foul Ball, location: 2F 0-1: Swinging Strike 0-2: Strikes out swinging
|
Batting: RHB António Padilla
|
0-0: Ball 1-0: Called Strike 1-1: SINGLE (Line Drive, 8RS) Rubén López to third Raúl Robles to second Runner from 3rd tries for Home, SAFE, no throw or cutoff
|
Batting: RHB Raúl González
|
0-0: Ball 1-0: Ball 2-0: Fly out, F4 (Line Drive, 4)
|
Batting: RHB Martín Martínez
|
0-0: SINGLE (Line Drive, 78S) Raúl Robles to third António Padilla to second Runner from 3rd tries for Home, SAFE, no throw or cutoff
|
Batting: LHB Arthur Ryan
|
0-0: SINGLE (Groundball, 34) António Padilla to third Martín Martínez to second Runner from 3rd tries for Home, SAFE, no throw or cutoff
|
Batting: LHB Dave Knight
|
0-0: Ground out 4-3 (Groundball, 4)
|
Bottom of the 5th over - 3 run(s), 4 hit(s), 0 error(s), 2 left on base; Kingston Township 0 - Phoenix 3 |
TOP OF THE 6TH |
Kingston Township Legion batting - Pitching for Phoenix Hotspur : RHP Cory Sanders
|
Batting: RHB Layton Templeman
|
0-0: Ball 1-0: Foul Ball, location: 2F 1-1: Ball 2-1: Ground out 2-3 (Groundball, 2L)
|
Batting: LHB Clay Rush
|
0-0: Foul Ball, location: 2F 0-1: Foul Ball, location: 2F 0-2: Strikes out swinging
|
Batting: LHB Martín Núñes
|
0-0: Ball 1-0: Swinging Strike 1-1: Swinging Strike 1-2: Strikes out swinging
|
Top of the 6th over - 0 run(s), 0 hit(s), 0 error(s), 0 left on base; Kingston Township 0 - Phoenix 3 |
BOTTOM OF THE 6TH |
Phoenix Hotspur batting - Pitching for Kingston Township Legion : RHP Jon Briddon
|
Batting: RHB Randy Rehling
|
0-0: Ball 1-0: Foul Ball, location: 2F 1-1: Swinging Strike 1-2: Strikes out swinging
|
Batting: LHB Rubén López
|
0-0: Ball 1-0: Ball 2-0: Ground out 6-3 (Groundball, 56)
|
Batting: RHB Raúl Robles
|
0-0: Ball 1-0: Ball 2-0: Ball 3-0: Base on Balls
|
Batting: RHB John Moore
|
0-0: Ball 1-0: Ball 2-0: Swinging Strike 2-1: Swinging Strike 2-2: Strikes out looking
|
Bottom of the 6th over - 0 run(s), 0 hit(s), 0 error(s), 1 left on base; Kingston Township 0 - Phoenix 3 |
TOP OF THE 7TH |
Kingston Township Legion batting - Pitching for Phoenix Hotspur : RHP Cory Sanders
|
Pitching: RHP Jesús Olvero
|
|
Batting: RHB Akihiko Oike
|
0-0: Ball 1-0: Swinging Strike 1-1: Foul Ball, location: 2F 1-2: SOLO HOME RUN (Line Drive, 8LXD), Distance : 455 ft
|
Batting: RHB Pedro Mendoza
|
0-0: Ball 1-0: Ground out 5-3 (Groundball, 56)
|
Batting: RHB Noel Wells
|
0-0: DOUBLE (Line Drive, 89XD)
|
Batting: RHB Jon Erickson
|
0-0: Ball 1-0: Fly out, F7 (Popup, 56D)
|
Batting: LHB Forrest McCooke
|
0-0: Called Strike 0-1: Called Strike 0-2: Ball 1-2: Foul Ball, location: 2F 1-2: Ground out 6-3 (Groundball, 6M)
|
Top of the 7th over - 1 run(s), 2 hit(s), 0 error(s), 1 left on base; Kingston Township 1 - Phoenix 3 |
BOTTOM OF THE 7TH |
Phoenix Hotspur batting - Pitching for Kingston Township Legion : RHP Jon Briddon
|
Batting: RHB António Padilla
|
0-0: Ball 1-0: Ball 2-0: Ball 3-0: Base on Balls
|
Batting: RHB Raúl González
|
0-0: Foul Ball, location: 2F 0-1: Ball 1-1: Foul Ball, location: 2F 1-2: Ball 2-2: Ball 3-2: Base on Balls António Padilla to second
|
Pinch Hitting: LHB Albert González
|
0-0: Ball 1-0: Ball 2-0: Called Strike 2-1: SINGLE (Flyball, 9S) António Padilla to third Raúl González to second
|
Batting: LHB Arthur Ryan
|
0-0: Ball 1-0: Called Strike 1-1: Foul Ball, location: 2F 1-2: SINGLE (Groundball, 34) (infield hit) António Padilla scores Raúl González to third Albert González to second
|
Batting: LHB Dave Knight
|
0-0: Ball 1-0: DOUBLE (Groundball, 3L) Raúl González scores Albert González scores Arthur Ryan to third
|
Batting: RHB Randy Rehling
|
0-0: Swinging Strike 0-1: Ball 1-1: Called Strike 1-2: Foul Ball, location: 2F 1-2: Strikes out swinging
|
Batting: LHB Rubén López
|
0-0: Ball 1-0: Called Strike 1-1: Swinging Strike 1-2: Ball 2-2: Strikes out swinging
|
Batting: RHB Raúl Robles
|
0-0: Intentional Walk
|
Pitching: RHP John Ashley
|
|
Batting: RHB John Moore
|
0-0: SINGLE (Flyball, 78M) Arthur Ryan scores Dave Knight to third Raúl Robles to second Runner from 3rd tries for Home, SAFE, no throw or cutoff
|
Batting: RHB António Padilla
|
0-0: Called Strike 0-1: Ground out 6-3 (Groundball, 6)
|
Bottom of the 7th over - 5 run(s), 4 hit(s), 0 error(s), 2 left on base; Kingston Township 1 - Phoenix 8 |
TOP OF THE 8TH |
Kingston Township Legion batting - Pitching for Phoenix Hotspur : RHP Jesús Olvero
|
Now in CF: Albert González
|
|
Batting: LHB Gonzalo López
|
0-0: Ball 1-0: Called Strike 1-1: Foul Ball, location: 2F 1-2: Ground out 4-3 (Groundball, 4)
|
Batting: RHB Layton Templeman
|
0-0: Ball 1-0: Foul Ball, location: 2F 1-1: Ball 2-1: Ball 3-1: Swinging Strike 3-2: Ground out 5-3 (Groundball, 5L)
|
Batting: LHB Clay Rush
|
0-0: Called Strike 0-1: SINGLE (Groundball, 34S)
|
Pitching: RHP Miguel Angel Liñares
|
|
Batting: LHB Martín Núñes
|
0-0: SINGLE (Line Drive, 7S) Clay Rush to second
|
Batting: RHB Akihiko Oike
|
0-0: Foul Ball, location: 2F 0-1: Called Strike 0-2: Ball 1-2: Ball 2-2: Ball 3-2: Base on Balls Clay Rush to third Martín Núñes to second
|
Batting: RHB Pedro Mendoza
|
0-0: Ball 1-0: Fielders Choice at 2nd, 6-4 (Groundball, 6)
|
Top of the 8th over - 0 run(s), 2 hit(s), 0 error(s), 2 left on base; Kingston Township 1 - Phoenix 8 |
BOTTOM OF THE 8TH |
Phoenix Hotspur batting - Pitching for Kingston Township Legion : RHP John Ashley
|
Batting: RHB Raúl González
|
0-0: Ball 1-0: Ball 2-0: Swinging Strike 2-1: Ball 3-1: Base on Balls
|
Batting: LHB Albert González
|
0-0: Ball 1-0: Foul Ball, location: 2F 1-1: DOUBLE (Flyball, 89XD) Raúl González to third
|
Batting: LHB Arthur Ryan
|
0-0: Ball 1-0: Foul Ball, location: 2F 1-1: Swinging Strike 1-2: Fly out, F5 (Popup, 56)
|
Batting: LHB Dave Knight
|
0-0: Ground out U3 (Groundball, 3)
|
Batting: RHB Randy Rehling
|
0-0: Ball 1-0: SINGLE (Line Drive, 8LS) Raúl González scores Albert González to third Runner from 3rd tries for Home, SAFE, no throw or cutoff
|
Batting: LHB Rubén López
|
0-0: Foul Ball, location: 2F 0-1: Called Strike 0-2: Foul Ball, location: 2F 0-2: Strikes out swinging
|
Bottom of the 8th over - 2 run(s), 2 hit(s), 0 error(s), 1 left on base; Kingston Township 1 - Phoenix 10 |
TOP OF THE 9TH |
Kingston Township Legion batting - Pitching for Phoenix Hotspur : RHP Miguel Angel Liñares
|
Batting: RHB Noel Wells
|
0-0: Ground out 6-3 (Groundball, 6M)
|
Batting: RHB Jon Erickson
|
0-0: DOUBLE (Flyball, 78D)
|
Batting: LHB Forrest McCooke
|
0-0: Called Strike 0-1: Ball 1-1: Ball 2-1: SINGLE (Line Drive, 6M) Jon Erickson to third Runner from 3rd tries for Home, SAFE, no throw or cutoff
|
Batting: LHB Gonzalo López
|
0-0: Fly out, F7 (Popup, 6D)
|
Batting: RHB Layton Templeman
|
0-0: Called Strike 0-1: Ball 1-1: Ball 2-1: Fly out, F7 (Flyball, 7M)
|
Top of the 9th over - 1 run(s), 2 hit(s), 0 error(s), 1 left on base; Kingston Township 2 - Phoenix 10 |
|